 Dungeon Crawl Stone Soup version 0.29.0-11-gd7f09526c8 (webtiles) character file.

Game seed: 17914330615979203464

2018 Strat the Cleaver (level 9, -1/85 HPs)
             Began as a Minotaur Berserker on Sept 4, 2022.
             Was a Priest of Trog.
             Slain by a killer bee (5 damage)
             ... on level 8 of the Dungeon on Sept 5, 2022.
             The game lasted 00:13:12 (2681 turns).

Strat the Cleaver (Minotaur Berserker)              Turns: 2681, Time: 00:13:12

Health: -1/85      AC:  7    Str: 26    XL:     9   Next: 3%
Magic:  8/8        EV: 11    Int:  4    God:    Trog [***...]
Gold:   286        SH:  0    Dex: 10    Spells: 8/8 levels left

rFire   . . .      SeeInvis .   a - +0 war axe
rCold   . . .      Faith    .   (no shield)
rNeg    . . .      Spirit   .   e - +1 ring mail
rPois   .          Reflect  .   (helmet restricted)
rElec   .          Harm     .   (no cloak)
rCorr   .          Rampage  .   (no gloves)
Will    .....                   (no boots)
Stlth   ..........              (no amulet)
HPRegen 0.24/turn               (no ring)
MPRegen 0.11/turn               (no ring)

@: lethally poisoned (-1 -> -8)
A: horns 2, retaliatory headbutt
a: Renounce Religion, Berserk, Trog's Hand


You were on level 8 of the Dungeon.
You worshipped Trog.
Trog was most pleased with you.
You visited 1 branch of the dungeon, and saw 8 of its levels.

You collected 338 gold pieces.
You spent 52 gold pieces at shops.

Inventory:

Hand Weapons
 a - a +0 war axe (weapon)
 c - a +0 hand axe
Missiles
 j - 5 javelins (quivered)
 k - 6 poisoned darts
 l - 2 throwing nets
Armour
 b - a +0 animal skin
 e - a +1 ring mail (worn)
 o - a scarf of invisibility
Wands
 f - a wand of mindburst (18)
 i - a wand of flame (28)
Scrolls
 g - 2 scrolls of teleportation
 h - a scroll of immolation
 p - a scroll of enchant armour
Potions
 d - 3 potions of flight
 m - a potion of lignification
 n - 2 potions of degeneration {unknown}
 r - 2 potions of might
 s - a potion of brilliance {unknown}


   Skills:
 - Level 10.0 Fighting
 + Level 10.2 Axes
 + Level 5.4 Armour
 - Level 2.1 Dodging


You had 8 spell levels left.
You didn't know any spells.
Your spell library was empty.

Dungeon Overview and Level Annotations

Branches:
Dungeon (8/15)             Temple (0/1) D:5
   Lair: D:8-11

Altars:
Elyvilon
Fedhas
Kikubaaqudgha
Nemelex Xobeh
Ru
Sif Muna
Uskayaw
Vehumet

Shops:
D:8 !

Annotations:
D:4 2 transporters, experimilk's ghost, amateur PaFi


Innate Abilities, Weirdness & Mutations

You have a pair of horns on your head.
You reflexively headbutt those who attack you in melee.


Message History

The killer bee barely misses you.
The killer bee attacks as you move away!
The killer bee closely misses you. The killer bee barely misses you.
The killer bee misses you. You furiously retaliate!
You headbutt the killer bee.
The killer bee attacks as you move away!
The killer bee stings you.
* * * LOW HITPOINT WARNING * * *
The killer bee stings you.
* * * LOW HITPOINT WARNING * * *
You are poisoned.
The killer bee poisons you!
You feel better. The killer bee stings you.
* * * LOW HITPOINT WARNING * * *
You are poisoned.
The killer bee poisons you! The killer bee stings you.
* * * LOW HITPOINT WARNING * * *
You're still recovering from your berserk rage.
You barely miss the killer bee. You headbutt the killer bee!
You kill the killer bee!
Trog accepts your kill.
You recover from your berserk rage.
You feel sick. The killer bee stings you!
* * * LOW HITPOINT WARNING * * *
You are lethally poisoned!
The killer bee poisons you!
You slash the killer bee!
The killer bee is almost dead.
* * * LOW HITPOINT WARNING * * *
You feel sick. The killer bee closely misses you.
The killer bee stings you but does no damage.
You barely miss the killer bee.
The killer bee is almost dead.
* * * LOW HITPOINT WARNING * * *
You feel very sick. The killer bee stings you.
* * * LOW HITPOINT WARNING * * *
The orc priest casts a cantrip, but nothing happens.
The killer bee stings you.
You die...

#......).# ###.#....... #
#........# ###...#######. #
#........####..........# .
#........##....#######.# #
#...)....<#.##∩......#.#
#########.o>########.#.#####
###.# #.......... #y#
#.#.#.##### #@# #.#.(.# .
#.# #.######### #.######.#
#... #.....##.# #.#.
#####.##.# #.#. #.##)# #...
#.)).# ###. ###### #. ##


You could see a killer bee and an orc priest.

Vanquished Creatures
  A wyvern (D:7)
  A steam dragon (D:8)
  A water moccasin (D:6)
  An orc warrior (D:8)
  An ice beast (D:6)
  A sky beast (D:7)
  A black bear (D:6)
  2 ogres
  A centaur (D:7)
  A kobold brigand (D:6)
  A gnoll sergeant (D:8)
  A bullfrog (D:6)
  2 scorpions (D:6)
  A necrophage (D:6)
  A killer bee (D:8)
  A howler monkey (D:6)
  3 orc priests
  A hound (D:6)
  An iguana (D:7)
  5 orc wizards
  8 gnolls
  6 adders
  A shadow imp (D:7)
  3 white imps
  2 ufetubi (D:6)
  14 orcs
  4 endoplasms
  A giant cockroach (D:1)
  6 goblins
  2 hobgoblins
  4 quokkas
  2 ball pythons
  2 bats
  3 frilled lizards (D:1)
  6 kobolds
  2 rats
94 creatures vanquished.

Vanquished Creatures (collateral kills)
  A necrophage (D:5)
  An orc (D:5)
2 creatures vanquished.

Grand Total: 96 creatures vanquished

Notes
Turn   | Place    | Note
-------+----------+-------------------------------------------
     0 | D:1      | Strat the Minotaur Berserker began the quest for the Orb.
     0 | D:1      | Reached XP level 1. HP: 19/19 MP: 0/0
   222 | D:1      | Reached XP level 2. HP: 26/26 MP: 1/1
   398 | D:2      | Reached skill level 5 in Axes
   398 | D:2      | Reached XP level 3. HP: 31/31 MP: 2/2
   415 | D:2      | Reached ** piety under Trog
   558 | D:3      | Reached XP level 4. HP: 32/39 MP: 3/3
   562 | D:3      | Found a hide-covered altar of Uskayaw.
   604 | D:4      | Found a sacrificial altar of Ru.
   718 | D:4      | Found a transporter.
   721 | D:4      | Noticed experimilk's ghost (amateur PaFi)
   722 | D:4      | Found a transporter.
   816 | D:5      | Entered Level 5 of the Dungeon
   840 | D:5      | Noticed a scorpion
   961 | D:5      | Noticed a necrophage
   966 | D:5      | Killed a necrophage
   967 | D:5      | Reached XP level 5. HP: 19/47 MP: 4/4
  1027 | D:5      | Found a staircase to the Ecumenical Temple.
  1087 | D:5      | Noticed a water moccasin
  1112 | D:5      | Noticed an ogre
  1115 | D:5      | Killed an ogre
  1116 | D:5      | Reached XP level 6. HP: 55/55 MP: 5/5
  1127 | D:5      | Reached skill level 5 in Fighting
  1209 | D:6      | Found a white marble altar of Elyvilon.
  1210 | D:6      | Found a blossoming altar of Fedhas.
  1260 | D:6      | Noticed a yak
  1260 | D:6      | Noticed a yak
  1327 | D:6      | Noticed a water moccasin
  1336 | D:6      | Killed a water moccasin
  1337 | D:6      | Reached skill level 5 in Armour
  1345 | D:6      | Reached XP level 7. HP: 60/61 MP: 6/6
  1546 | D:6      | Reached skill level 10 in Axes
  1551 | D:6      | HP: 3/61 [poisoned by a scorpion]
  1740 | D:6      | Reached XP level 8. HP: 21/70 MP: 7/7
  1890 | D:7      | Found an ancient bone altar of Kikubaaqudgha.
  1920 | D:7      | Found a shimmering blue altar of Sif Muna.
  1941 | D:7      | Found a radiant altar of Vehumet.
  1949 | D:7      | Reached *** piety under Trog
  2102 | D:7      | Identified the +1 robe of Tithry {rElec rN+ Str-2}
  2143 | D:7      | Found a sparkling altar of Nemelex Xobeh.
  2418 | D:8      | Found Ycony's Distillery.
  2425 | D:8      | Bought a potion of might for 52 gold pieces
  2636 | D:8      | Reached skill level 10 in Fighting
  2667 | D:8      | Reached XP level 9. HP: 39/85 MP: 8/8
  2681 | D:8      | HP: 4/85 [killer bee (3)]
  2681 | D:8      | Slain by a killer bee

Illustrated notes

Levels and vault maps discovered:
D:1:      minmay_arrival_radiant_lines, layout_loops_corners,
          shapermc_ecumenical_altar_totnotflames, minmay_octomino_c4
D:2:      layout_basic
D:3:      layout_rooms, nicolae_uskayaw_murder_on_the_dancefloor,
          serial_bayou_lagoon_b
D:4:      corexii_shantytown, layout_loops_ring,
          mainiacjoe_overflow_cross_hatched, gammafunk_ghost_mausoleum
D:5:      layout_basic, minmay_temple_entry_from_below_a
D:6:      minmay_diamond_boxcup, layout_basic, gammafunk_temple_overflow_pools,
          kennysheep_generic_room_10
D:7:      layout_cave_pools, palyth_temple_overflow_mages,
          nemelex_dance_club_becter
D:8:      layout_basic, serial_shops, shop, nicolae_blasting_shop,
          uniq_gastronok

Skill      XL: |  1  2  3  4  5  6  7  8 |
---------------+-------------------------+-----
Axes           | 4 5 6 8 10 | 10.2
Fighting       | 4 5 10 | 10.0
Armour         | 3 4 5 |  5.4
Dodging        | |  2.1

Action                   |  1- 3 |  4- 6 |  7- 9 || total
-------------------------+-------+-------+-------++-------
Melee: War axe           |    47 |    49 |   151 ||   247
       Headbutt          |     3 |     5 |    19 ||    27
       Punch             |       |       |     1 ||     1
Invok: Berserk           |     1 |     3 |     4 ||     8
Evoke: Wand              |       |     1 |       ||     1
  Use: Scroll            |       |     9 |     5 ||    14
       Potion            |       |       |     4 ||     4
Armor: Animal skin       |     7 |       |       ||     7
       Ring mail         |     9 |    18 |    73 ||   100
Dodge: Dodged            |    40 |    28 |    92 ||   160
